AoeStats
← | ArCas | Toruk Makto

Arena

504903537Analyzed
4v4 RM · 25d ago on Sep 7, 2026· 70m 23s· 8 players
Game mode
Random Map
Map size
Large (8 player)
Population
200
Speed
Normal
Resources
Standard
Victory
Conquest
Starting age
Dark Age
Ending age
Imperial Age
RankedLock teamsTeams togetherTeam positionsShared explorationLock speedFull tech treeHidden civsTurbo modeCheats
Victory
Defeat
🇦🇷 Malay · Argentina
1299
+14
🇸🇰 Huns · Slovakia
1274
+15
🇯🇵 Chinese · Japan
1217
+19
🇭🇰 Tatars · Hong Kong SAR China
1216
+18
🇵🇪 Italians · Peru
1299
-18
🇵🇪 Cumans · Peru
1276
-17
🇵🇦 Shu · Panama
1241
-16
🇨🇳 Gurjaras · China
1221
-15
York
10:19 Feudal Age
12:12 Loom
14:51 Castle Age
13:13 Double-Bit Axe
13:26 Horse Collar
15:23 Fletching
20:12 Bow Saw
20:33 Bodkin Arrow
23:30 Scale Mail Armor
24:09 Forging
26:16 Wheelbarrow
30:35 Wheelbarrow
aariva83
7:33 Loom
9:43 Feudal Age
12:26 Horse Collar
15:32 Wheelbarrow
16:28 Double-Bit Axe
25:27 Castle Age
25:12 Forging
25:55 Scale Barding Armor
26:23 Hand Cart
26:32 Bloodlines
27:09 Heavy Plow
27:38 Light Cavalry
29:54 Gold Mining
30:45 Bow Saw
31:09 Steppe Husbandry
31:51 Pikeman
32:33 Scale Mail Armor
33:46 Iron Casting
38:13 Town Watch
40:21 Squires
41:00 Coinage
44:06 Imperial Age
42:58 Gold Shaft Mining
43:46 Chain Barding Armor
44:43 Hussar
47:09 Plate Barding Armor
47:30 Conscription
49:31 Crop Rotation
50:07 Two-Man Saw
50:47 Blast Furnace
54:34 Elite Steppe Lancer
56:02 Caravan
67:16 Chain Mail Armor
66:23 Halberdier
Kierkegaard
9:35 Feudal Age
11:45 Wheelbarrow
14:54 Fletching
16:45 Double-Bit Axe
16:41 Horse Collar
20:33 Loom
22:48 Castle Age
20:56 Gold Mining
22:19 Padded Archer Armor
23:56 Bodkin Arrow
23:57 Elite Skirmisher
26:37 Ballistics
27:03 Fortified Wall
27:53 Hand Cart
29:06 Crossbowman
33:44 Thumb Ring
36:38 Leather Archer Armor
42:50 Imperial Age
40:08 Town Watch
45:54 Chemistry
47:05 Onager
51:52 Treadmill Crane
52:23 Masonry
56:53 Heavy Plow
57:04 Bow Saw
57:43 Town Patrol
60:34 Bracer
61:04 Ring Archer Armor
61:34 Conscription
秋意凛
10:37 Feudal Age
14:15 Castle Age
12:18 Double-Bit Axe
13:21 Horse Collar
17:18 Wheelbarrow
18:09 Bow Saw
19:12 Heavy Plow
22:56 Hand Cart
22:45 Loom
23:32 Stone Mining
23:34 Gold Mining
26:48 Bloodlines
26:50 Forging
26:45 Scale Barding Armor
27:20 Gold Shaft Mining
31:44 Imperial Age
30:10 Iron Casting
29:56 Chain Barding Armor
30:26 Stone Shaft Mining
30:19 Kshatriyas
30:29 Scale Mail Armor
31:41 Husbandry
31:46 Heavy Camel Rider
33:51 Frontier Guards
33:52 Conscription
34:27 Plate Barding Armor
35:07 Chain Mail Armor
34:37 Elite Chakram Thrower
38:20 Plate Mail Armor
38:33 Crop Rotation
37:54 Elite Shrivamsha Rider
56:36 Masonry
56:40 Fortified Wall
58:56 Light Cavalry
60:02 Hussar
| ArCas | Toruk Makto
12:23 Feudal Age
15:27 Castle Age
13:22 Double-Bit Axe
13:46 Horse Collar
14:46 Loom
21:50 Forging
23:31 Town Watch
29:16 Bow Saw
29:50 Heavy Plow
34:16 Wheelbarrow
37:43 Imperial Age
35:37 Fletching
35:48 Padded Archer Armor
36:15 Ballistics
36:18 Gold Mining
38:02 Gold Shaft Mining
37:44 Hand Cart
37:30 Bodkin Arrow
37:50 Leather Archer Armor
37:54 Masonry
37:38 Crossbowman
40:10 Chemistry
39:17 Bracer
39:48 Ring Archer Armor
41:33 Crop Rotation
41:22 Stone Mining
42:19 Thumb Ring
43:35 Stone Shaft Mining
44:22 Arbalester
47:21 Iron Casting
48:10 Elite Battle Elephant
50:03 Conscription
51:33 Blast Furnace
51:23 Man-at-Arms
52:03 Squires
52:49 Husbandry
52:49 Long Swordsman
53:14 Arson
56:10 Two-Handed Swordsman
67:22 Scale Barding Armor
Luthran
11:30 Feudal Age
15:17 Castle Age
13:16 Double-Bit Axe
13:28 Horse Collar
16:43 Bow Saw
21:30 Wheelbarrow
24:08 Hand Cart
23:40 Town Watch
24:13 Hand Cart
25:28 Marauders
26:11 Bloodlines
26:02 Husbandry
26:09 Scale Barding Armor
26:15 Forging
26:28 Gold Mining
28:19 Chain Barding Armor
30:02 Loom
31:04 Iron Casting
35:53 Imperial Age
35:53 Padded Archer Armor
35:43 Fletching
36:35 Thumb Ring
35:54 Heavy Cavalry Archer
36:51 Leather Archer Armor
37:04 Parthian Tactics
38:44 Conscription
39:00 Bodkin Arrow
40:43 Bracer
41:41 Ballistics
46:40 Plate Barding Armor
46:35 Light Cavalry
48:12 Hussar
54:02 Blast Furnace
61:08 Gold Shaft Mining
66:05 Two-Man Saw
65:06 Heavy Plow
65:42 Gold Shaft Mining
hohoho
0:30 Loom
10:40 Feudal Age
15:17 Castle Age
13:57 Double-Bit Axe
21:22 Forging
21:06 Fletching
22:55 Padded Archer Armor
23:05 Horse Collar
25:01 Bow Saw
25:20 Heavy Plow
26:41 Gold Mining
27:28 Bodkin Arrow
33:41 Imperial Age
32:25 Ballistics
32:17 Masonry
32:17 Fortified Wall
33:19 Gold Shaft Mining
33:24 Wheelbarrow
34:24 Elite Chu Ko Nu
35:19 Bracer
36:03 Leather Archer Armor
36:51 Chemistry
36:22 Architecture
38:06 Capped Ram
38:35 Pikeman
39:41 Stone Mining
39:27 Crossbowman
40:12 Thumb Ring
40:34 Siege Ram
41:06 Arbalester
42:56 Squires
42:18 Halberdier
42:44 Arson
43:36 Conscription
44:03 Hand Cart
44:58 Two-Man Saw
44:37 Heavy Rocket Cart
45:38 Bloodlines
45:28 Husbandry
44:49 Light Cavalry
47:07 Scale Barding Armor
47:33 Ring Archer Armor
47:14 Forging
48:41 Chain Barding Armor
49:14 Rocketry
48:54 Great Wall
48:53 Murder Holes
49:03 Scale Mail Armor
50:24 Iron Casting
51:59 Plate Barding Armor
52:24 Chain Mail Armor
52:49 Plate Barding Armor
54:19 Plate Mail Armor
54:44 Stone Shaft Mining
56:08 Blast Furnace
60:37 Bombard Tower
60:03 Arrowslits
jardan1234
11:02 Feudal Age
15:02 Castle Age
14:25 Loom
Connection lost

Rejoining the realm…

Still unreachable

The connection could not be restored.

Session expired

The server has moved on; the page needs a fresh start.